AoeStats
← Daarth Vader

Hideout

510187403Analyzed
1v1 RM · 1d ago on Sep 29, 2026· 63m 9s· 2 players
Game mode
Random Map
Map size
Tiny (2 player)
Population
200
Speed
Normal
Resources
Standard
Victory
Conquest
Starting age
Dark Age
Ending age
Imperial Age
RankedLock teamsTeams togetherTeam positionsShared explorationLock speedFull tech treeHidden civsTurbo modeCheats
Victory
Defeat
🇨🇱 Khmer · Chile
1385
+14
🇺🇸 Danes · United States
1343
-14
Daarth Vader
9:36 Feudal Age
13:38 Castle Age
14:23 Double-Bit Axe
14:19 Horse Collar
19:39 Wheelbarrow
19:39 Loom
19:43 Horse Collar
20:30 Loom
20:52 Heavy Plow
21:48 Loom
26:51 Imperial Age
24:53 Stone Mining
24:57 Gold Mining
26:40 Stone Shaft Mining
26:43 Gold Shaft Mining
26:23 Bow Saw
26:30 Hand Cart
27:05 Forging
26:42 Gambesons
26:58 Squires
26:43 Arson
27:05 Scale Mail Armor
27:42 Town Watch
27:23 Elite Varangian Guard
29:12 Chain Mail Armor
31:47 Plate Mail Armor
30:52 Hamask
34:44 Onager
36:04 Northmen's Fury
37:35 Siege Engineers
39:50 Iron Casting
39:14 Siege Onager
39:58 Fletching
43:11 Blast Furnace
43:57 Pikeman
46:23 Bodkin Arrow
46:51 Ballistics
48:18 Halberdier
50:49 Conscription
TuiWard
9:26 Feudal Age
10:02 Double-Bit Axe
14:54 Castle Age
13:14 Loom
13:11 Horse Collar
13:35 Gold Mining
16:50 Bow Saw
29:10 Imperial Age
27:05 Bloodlines
27:50 Wheelbarrow
27:57 Husbandry
28:19 Forging
27:59 Fletching
27:59 Light Cavalry
28:47 Heavy Plow
29:32 Town Watch
29:57 Scale Barding Armor
31:35 Ballistics
31:29 Bodkin Arrow
33:00 Hand Cart
35:49 Chemistry
36:29 Siege Engineers
37:20 Iron Casting
37:07 Chain Barding Armor
37:08 Heavy Scorpion
39:11 Blast Furnace
38:10 Hussar
38:17 Heavy Scorpion
39:59 Crop Rotation
40:22 Plate Barding Armor
39:48 Bracer
42:11 Town Patrol
48:01 Gold Shaft Mining
48:53 Bracer
49:18 Conscription
49:01 Double Crossbow
51:19 Hoardings
51:04 Padded Archer Armor
58:10 Murder Holes
58:26 Masonry
Connection lost

Rejoining the realm…

Still unreachable

The connection could not be restored.

Session expired

The server has moved on; the page needs a fresh start.